 Dungeon Crawl Stone Soup version 0.22-a0-433-gd2a9cce (webtiles) character file.

3168 nikopol the Thaumaturge (level 9, -2/45 HPs)
             Began as a Deep Elf Fire Elementalist on May 27, 2018.
             Slain by a killer bee (8 damage)
             ... on level 8 of the Dungeon.
             The game lasted 00:22:03 (7460 turns).

nikopol the Thaumaturge (DEFE)                      Turns: 7460, Time: 00:22:04

Health: -2/45      AC:  0    Str:  5    XL:     9   Next: 63%
Magic:  24/24      EV: 15    Int: 24    God:
Gold:   299        SH:  0    Dex: 15    Spells: 12/27 levels left

rFire    . . .     SeeInvis .   (weapon currently unavailable)
rCold    . . .     Gourm    .   (shield currently unavailable)
rNeg     . . .     Faith    .   (armour currently unavailable)
rPois    .         Spirit   .   (helmet currently unavailable)
rElec    .         Reflect  .   (cloak currently unavailable)
rCorr    .         Harm     .   (gloves currently unavailable)
MR       .....                  (boots currently unavailable)
Stlth    +++.......             (no amulet)
HPRegen  0.15/turn              (ring currently unavailable)
MPRegen  0.19/turn              (ring currently unavailable)

@: lethally poisoned (-2 -> -4), pig-form (expiring), very quick
A: small
a: no special abilities


You were on level 8 of the Dungeon.
You were not hungry.
You were a filthy swine.
You visited 2 branches of the dungeon, and saw 9 of its levels.

You collected 299 gold pieces.

Inventory:

Hand Weapons
 j - a +1 short sword of draining
 l - a +2 dagger of freezing (melded)
Armour
 a - a +0 robe (melded)
 b - a +1 cloak (melded)
 n - a +0 buckler (melded)
 E - a +0 helmet (melded)
Magical Staves
 p - an uncursed staff of cold
Jewellery
 v - an uncursed ring of protection from cold {unknown}
 y - a cursed -5 ring of intelligence {unknown}
 A - a +3 ring of evasion {unknown}
Wands
 w - a wand of random effects (27)
 D - a wand of digging (17)
Scrolls
 d - 2 scrolls of amnesia {unknown}
 e - 8 scrolls of teleportation {unknown}
 g - 2 scrolls of fog {unknown}
 o - 4 scrolls of enchant weapon {unknown}
 q - a scroll of random uselessness {unknown}
 r - a scroll of immolation {unknown}
 s - 9 scrolls of identify {unknown}
 t - 3 scrolls of remove curse {unknown}
 u - a scroll of fear {unknown}
 B - a scroll of magic mapping {unknown}
Potions
 f - a potion of heal wounds {unknown}
 h - 3 potions of lignification {unknown}
 i - 2 potions of might {unknown}
 k - 5 potions of curing
 m - a potion of agility {unknown}
 x - a potion of degeneration {unknown}
 z - a potion of mutation {unknown}
Comestibles
 c - 18 rations
 C - 2 chunks of flesh


   Skills:
 + Level 0.3 Fighting
 + Level 2.8 Dodging
 + Level 4.4 Stealth
 + Level 4.4 Shields
 + Level 9.5 Spellcasting
 + Level 7.3 Conjurations
 + Level 8.4 Fire Magic


You had 12 spell levels left.
You knew the following spells:

 Your Spells              Type           Power        Failure   Level  Hunger
a - Flame Tongue          Conj/Fire      #####        1%          1    None
b - Throw Flame           Conj/Fire      #####.       1%          2    None
c - Conjure Flame         Conj/Fire      #####...     1%          3    None
d - Sticky Flame          Conj/Fire      #####...     2%          4    ##.....
e - Fireball              Conj/Fire      #####.....   6%          5    ####...

Your spell library contained the following spells:

 Spells                   Type           Power        Failure   Level  Hunger
 Inner Flame              Hex/Fire       ####....     3%          3    None


Dungeon Overview and Level Annotations

Branches:
Dungeon (8/15)             Temple (1/1) D:5
   Lair: D:8-11

Altars:
Ashenzari
Cheibriados
Dithmenos
Fedhas
Gozag
Hepliaklqana
Kikubaaqudgha
Makhleb
Nemelex Xobeh
Okawaru
Qazlal
Sif Muna
Trog
Wu Jian
Xom
Yredelemnul
Zin

Shops:
D:5 [

Annotations:
D:7 Joseph
D:8 Gastronok, Psyche


Message History

The killer bee stings you!
Your transformation is almost over.
Psyche mumbles some strange words.
Psyche flickers and vanishes!
Deactivating autopickup; reactivate with Ctrl-A.
The killer bee closely misses you. The killer bee barely misses you.
The killer bee buzzes angrily.
The killer bee stings you.
You are poisoned.
The killer bee poisons you!
You feel sick. The killer bee barely misses you.
You feel sick.
You can't do that in your present form.
Sorry, you're not good enough to have a special ability.
You barely miss the killer bee. The killer bee stings you!
* * * LOW HITPOINT WARNING * * *
You closely miss the killer bee. The killer bee stings you!
You die...

#.# #.....##.#....y########## #.#
#.....##.#.###........... #.#
#.....##.#.#.#.###....### ###.#
#....###.........#....#
....#####....###.#...#.#.#....# #
#>......+.......{.............# #
....#####......yyy.....#.##...###
#.#.)...#.##..##y###.#.#y##......
#.#.###.#.##..##h# #.#.#.##......
#.#.......##..##.###.#...........
#.........................@......
#.#.##.##............#.......#...
#.#.##....##..##.#####.......#.##
#.#.#####.##..##'## #####.......
#.#...[...##......# ##.##..#
#.....###.##..#...# ####.##..#
#.....# #.##..#...######.........


You could see 4 killer bees.

Vanquished Creatures
  2 two-headed ogres (D:8)
  A hippogriff (D:8)
  The ghost of Gorglomux the Skirmisher, an amateur MiAK of Lugonu (D:3)
  Duvessa (D:5)
  4 ogres
  A big kobold (D:6)
  A bullfrog (D:8)
  2 scorpions
  Dowan (D:5)
  5 wights (D:6)
  2 howler monkeys
  A bullfrog zombie (D:6)
  2 jellies
  An orc wizard (D:4)
  2 iguanas (D:4)
  7 worker ants
  A hound zombie (D:6)
  A worker ant zombie (D:8)
  6 adders
  8 gnolls
  3 oozes
  2 dart slugs
  5 leopard geckos
  6 orcs
  9 goblins
  8 hobgoblins
  4 jackals (D:2)
  25 kobolds
  3 quokkas
  4 ball pythons
  8 bats
  3 frilled lizards
  A quokka zombie (D:8)
  8 rats
139 creatures vanquished.

Notes
Turn   | Place    | Note
-------+----------+-------------------------------------------
     0 | D:1      | nikopol the Deep Elf Fire Elementalist began the quest for the Orb.
     0 | D:1      | Reached XP level 1. HP: 10/10 MP: 6/6
   245 | D:1      | Reached XP level 2. HP: 15/15 MP: 5/8
   848 | D:2      | Reached XP level 3. HP: 19/19 MP: 7/9
   852 | D:2      | Learned a level 2 spell: Throw Flame
   856 | D:2      | Learned a level 3 spell: Conjure Flame
  1153 | D:2      | Reached XP level 4. HP: 15/24 MP: 2/11
  1343 | D:2      | Reached skill level 4 in Spellcasting
  2000 | D:3      | Learned a level 4 spell: Sticky Flame
  2012 | D:3      | Reached XP level 5. HP: 26/28 MP: 3/13
  2490 | D:3      | Found a bloodstained altar of Trog.
  2498 | D:3      | Noticed Gorglomux's ghost (amateur MiAK)
  2542 | D:3      | Killed Gorglomux's ghost
  2542 | D:3      | Reached skill level 1 in Shields
  2542 | D:3      | Reached skill level 5 in Spellcasting
  2542 | D:3      | Reached skill level 5 in Fire Magic
  2542 | D:3      | Reached XP level 6. HP: 23/32 MP: 0/15
  3476 | D:4      | Reached XP level 7. HP: 36/36 MP: 10/17
  3483 | D:4      | Learned a level 5 spell: Fireball
  3546 | D:4      | Reached skill level 6 in Spellcasting
  3944 | D:5      | Entered Level 5 of the Dungeon
  4001 | D:5      | Found Cygiutwi's Armour Emporium.
  4148 | D:5      | Found a staircase to the Ecumenical Temple.
  4159 | D:5      | Found a stormy altar of Qazlal.
  4168 | Temple   | Entered the Ecumenical Temple
  4363 | D:5      | Noticed Duvessa
  4363 | D:5      | Noticed Dowan
  4612 | D:5      | Killed Dowan
  4653 | D:5      | Killed Duvessa
  5146 | D:6      | Reached skill level 5 in Conjurations
  5253 | D:6      | Reached XP level 8. HP: 41/41 MP: 10/20
  5531 | D:6      | Reached skill level 7 in Spellcasting
  5540 | D:6      | Found a glowing silver altar of Zin.
  5541 | D:6      | Found an opulent altar of Gozag.
  6415 | D:6      | You fall through a shaft for 2 floors!
  6685 | D:8      | Noticed a two-headed ogre
  6774 | D:8      | Reached skill level 8 in Spellcasting
  6818 | D:8      | Found an ornate altar of the Wu Jian Council.
  6828 | D:8      | Found a shimmering altar of Xom.
  6833 | D:7      | Noticed Joseph
  6833 | D:7      | Noticed a hippogriff
  6845 | D:8      | Noticed Gastronok
  6913 | D:8      | Noticed a hippogriff
  7097 | D:8      | Killed a hippogriff
  7101 | D:8      | Noticed a two-headed ogre
  7109 | D:8      | Killed a two-headed ogre
  7109 | D:8      | Reached XP level 9. HP: 36/45 MP: 8/23
  7266 | D:8      | Killed a two-headed ogre
  7266 | D:8      | Reached skill level 9 in Spellcasting
  7418 | D:8      | Noticed Psyche
  7460 | D:8      | Slain by a killer bee

Vault maps used:
D:1:      shiori_arrival_elements
D:3:      lemuel_doored_altar
D:4:      supply_closet_lemuel
D:5:      grunt_qazlal_clouds, minmay_temple_entry_mist, first_ration,
          serial_shops, shop, minivault_19, uniq_duvessa
D:6:      kennysheep_kobold_camp, grunt_temple_overflow_gold_and_silver
D:7:      nicolae_overflow_hidden_temple, serial_shops, shop,
          lemuel_mausoleum_altar_yredelemnul, uniq_joseph
D:8:      chequers_temple_overflow_statue_of_worship, the_bakery,
          uniq_gastronok, uniq_psyche
Temple:   jpeg_temple_clearing

Skill      XL: |  1  2  3  4  5  6  7  8  9 |
---------------+----------------------------+-----
Fire Magic     | 4 5 6 7 8 |  8.4
Spellcasting   | 4 5 6 8 9 |  9.5
Conjurations   | 2 3 4 5 6 7 |  7.3
Shields        | 1 2 4 |  4.4
Stealth        | 3 4 |  4.4
Fighting       | |  0.3
Dodging        | |  2.8

Action                   |  1- 3 |  4- 6 |  7- 9 || total
-------------------------+-------+-------+-------++-------
Melee: Dagger            |       |     1 |       ||     1
       Unarmed           |       |       |     2 ||     2
 Cast: Flame Tongue      |    66 |   102 |   148 ||   316
       Conjure Flame     |     1 |     2 |     4 ||     7
       Sticky Flame      |       |     1 |    18 ||    19
       Throw Flame       |       |     1 |    17 ||    18
       Fireball          |       |       |     1 ||     1
  Eat: Chunk             |     1 |     7 |    14 ||    22
Armor: Robe              |     6 |     5 |    10 ||    21
Dodge: Dodged            |    27 |    16 |    25 ||    68
Block: Buckler           |       |     5 |    10 ||    15

Table legend:
 A = Spawn XP
 B = Non-spawn XP
 C = Spawn XP percentage of total XP
 D = Spawn monster count
 E = Non-spawn monster count
 F = Spawn count percentage of total count
 G = Total turns spent on level
                    A         B        C        D         E        F      G
               +---------+---------+-------+---------+---------+-------+---------
         Total |       0 |    4527 |   0.0 |       0 |     139 |   0.0 |  7460
               +---------+---------+-------+---------+---------+-------+---------
           D:1 |       0 |      40 |   0.0 |       0 |      22 |   0.0 |   846
           D:2 |       0 |     142 |   0.0 |       0 |      35 |   0.0 |  1053
           D:3 |       0 |     267 |   0.0 |       0 |       7 |   0.0 |   827
           D:4 |       0 |     433 |   0.0 |       0 |      18 |   0.0 |  1401
           D:5 |       0 |     384 |   0.0 |       0 |       7 |   0.0 |   924
           D:6 |       0 |     752 |   0.0 |       0 |      33 |   0.0 |  1275
           D:8 |       0 |    2509 |   0.0 |       0 |      17 |   0.0 |  1043
               +---------+---------+-------+---------+---------+-------+---------
